 Dungeon Crawl Stone Soup version 0.30-a0-142-g7370640ec8 (webtiles) character file.

Game seed: 13771430287569894762

14 Aibolit the Magician (level 2, 0/19 HPs)
             Began as a Human Hedge Wizard on Sept 26, 2022.
             Was a Follower of Cheibriados.
             Succumbed to an adder's poison
             ... on level 1 of the Dungeon.
             The game lasted 00:03:12 (809 turns).

Aibolit the Magician (Human Hedge Wizard)            Turns: 809, Time: 00:03:13

Health: 0/19       AC:  2    Str: 12    XL:     2   Next: 60%
Magic:  3/6        EV: 12    Int: 16    God:    Cheibriados [*.....]
Gold:   8          SH:  0    Dex: 14    Spells: 6/7 levels left

rFire   + . .      SeeInvis .    a - +0 dagger
rCold   . . .      Faith    .    (no shield)
rNeg    . . .      Spirit   .    b - +0 robe
rPois   .          Reflect  .    c - +0 hat
rElec   .          Harm     .    (no cloak)
rCorr   .          Rampage  .    (no gloves)
Will    .....                    (no boots)
Stlth   ++........               (no amulet)
HPRegen 0.06/turn                g - ring of protection from fire
MPRegen 0.10/turn                (no ring)

@: lethally poisoned (0 -> -10), very slow
A: no striking features
a: Renounce Religion, Bend Time


You were on level 1 of the Dungeon.
You worshipped Cheibriados.
Cheibriados was aware of your devotion.
You visited 1 branch of the dungeon, and saw 2 of its levels.

You collected 8 gold pieces.

Inventory:

Hand Weapons
 a - a +0 dagger (weapon)
Armour
 b - a +0 robe (worn)
 c - a +0 hat (worn)
Jewellery
 g - a ring of protection from fire (left hand)
Scrolls
 e - 3 scrolls of fear
 f - a scroll of enchant armour {unknown}
Potions
 d - a potion of magic
 h - a potion of heal wounds {unknown}
 i - a potion of degeneration {unknown}
 j - a potion of curing {unknown}


   Skills:
 + Level 2.4 Dodging
 + Level 2.1 Stealth
 + Level 3.3 Spellcasting
 + Level 1.0 Conjurations
 + Level 1.0 Summonings
 + Level 1.0 Translocations


You had 6 spell levels left.
You knew the following spells:

 Your Spells              Type           Power      Damage    Failure   Level
a - Magic Dart            Conj           24%        1d4       12%         1

Your spell library contained the following spells:

 Spells                   Type           Power      Damage    Failure   Level
 Slow                     Hex            8%         N/A       19%         1
 Blink                    Tloc           10%        N/A       19%         2
 Call Imp                 Summ           5%         N/A       19%         2
 Cigotuvi's Dreadful Rot  Necr/Pois/Air  4%         N/A       26%         2
 Mephitic Cloud           Conj/Pois/Air  3%         N/A       43%         3
 Summon Lightning Spire   Summ/Air       4%         N/A       82%         4
 Airstrike                Air            1%         2d(1-17)  87%         4
 Lightning Bolt           Conj/Air       2%         1d13      99%         5


Dungeon Overview and Level Annotations

Branches:
Dungeon (2/15)

Altars:
Cheibriados


Message History

The adder is lightly wounded.
The adder bites you.
You are poisoned.
The adder poisons you!
You barely miss the adder.
The adder is lightly wounded.
You feel sick.
The adder hisses angrily.
The adder bites you.
You are more poisoned.
The adder poisons you!
Aiming: Magic Dart (safe; 12% risk of failure)
Press: ? - help, Q - select action, (/) - cycle Shift-Dir - straight line, f/p - adder
Aim: an adder (lightly wounded, 100% to hit)
The magic dart hits the adder.
The adder is moderately wounded.
You feel sick. The adder bites you.
Unknown command.
Aiming: Magic Dart (safe; 12% risk of failure)
Press: ? - help, Q - select action, (/) - cycle Shift-Dir - straight line, f/p - adder
Aim: an adder (moderately wounded, 100% to hit)
The magic dart hits the adder.
The adder is severely wounded.
You feel sick. The adder bites you. x2
* * * LOW HITPOINT WARNING * * *
You are more poisoned.
The adder poisons you!
* * * LOW HITPOINT WARNING * * *
You feel sick. The adder barely misses you. The adder closely misses you.
You climb upwards.
* * * LOW HITPOINT WARNING * * *
You feel very sick.
There is a stone staircase leading down here.
Read: 4 scrolls of fear
Press: ? - help, Q - select action, (/) - cycle Dir - look around, f - activate Look: an adder (heavily wounded, chance to affect: 98%)
As you read the scroll of fear, it crumbles to dust.
You assume a fearsome visage.
The adder looks frightened! x2
You die...

##.# #..############### .#.#
##>###)..##...###.. ##.#
#######..##....>.....##.# #..#
#........#............#.# #.##
#.####...#............#.# #.#
##......#.#...........)#.# ..#
##...#####.##.............# ###
##..#.###.).S.....##...#.###
######......(..#@#.#########..#
##.....#..#####..S.# #....##
##.#####..####...### #.####
#รท.#......#....#.# #.#
..##.....#....)..# #.#
.###...###.#.##### #.# ##
######..#.# #.# ##..##.# ###.#
#..###.# ###...#


You could see 2 adders.

Vanquished Creatures
  3 dart slugs (D:1)
  An endoplasm (D:1)
  A goblin (D:1)
  A hobgoblin (D:1)
  A kobold (D:1)
  2 rats (D:1)
9 creatures vanquished.

Vanquished Creatures (others)
  A plant (D:1)
1 creature vanquished.

Grand Total: 10 creatures vanquished

Notes
Turn   | Place    | Note
-------+----------+-------------------------------------------
     0 | D:1      | Aibolit the Human Hedge Wizard began the quest for the Orb.
     0 | D:1      | Reached XP level 1. HP: 13/13 MP: 4/4
   222 | D:1      | Reached XP level 2. HP: 14/19 MP: 1/6
   532 | D:1      | Found a faded altar of an unknown god.
   539 | D:1      | Prayed at the altar of an unknown god.
   539 | D:1      | Became a worshipper of Cheibriados the Contemplative
   539 | D:1      | Reached * piety under Cheibriados
   809 | D:1      | Succumbed to an adder's poison

Illustrated notes

Levels and vault maps discovered:
D:1:      kilobyte_arrival_exit_the_forest, layout_rooms,
          shapermc_ecumenical_altar_petra
D:2:      layout_rooms, hangedman_decor_riveting,
          chequers_serial_rivers_micro_b, kennysheep_flooded_box

Action                   || total
-------------------------++-------
Melee: Dagger            ||    21
       Punch             ||     1
 Cast: Magic Dart        ||    29
  Use: Scroll            ||     4
Armor: Robe              ||     1
Dodge: Dodged            ||     9

Table legend: (Time is in decaauts)
 A = Elapsed time spent in this place.
 B = Non-inter-level travel time spent in this place.
 C = Inter-level travel time spent in this place.
 D = Time resting spent in this place.
 E = Time spent auto-exploring this place.
 F = Levels seen in this place.
 G = Mean time per level.
                   A        B        C        D        E       F      G
               +--------+--------+--------+--------+--------+-----+--------+
         Total |    883 |    403 |    480 |    302 |      0 |   2 |  441.5 |
       Dungeon |    883 |    403 |    480 |    302 |      0 |   2 |  441.5 |
               +--------+--------+--------+--------+--------+-----+--------+

Top non-repeatable levels by time:
     D:1: 878 daAuts
     D:2: 5 daAuts
